[Event "Titled Tuesday Blitz March 28 Late 2023"]
[White "Mekhitarian, Krikor Sevag"]
[Black "Ozates, Tuna"]
[WhiteFideId "2107660"]
[BlackFideId "6354521"]
[WhiteElo "2604"]
[BlackElo "2151"]
[Result "1/2-1/2"]
[Round "06"]
[TimeControl "180+2"]
[Date "2023.03.28"]
[WhiteClock "0:00:18"]
[BlackClock "0:00:18"]

1. Nf3 c5 2. c4 Nc6 3. Nc3 Nd4 4. Ng1 Nf6 5. e3 Nc6 6. Nf3 e6 7. d4 d5 8. a3 cxd4 9. exd4 Be7 10. c5 O-O 11. Bf4 Ne4 12. Bd3 Bf6 13. O-O h6 14. Bxe4 dxe4 15. Nxe4 Bxd4 16. Bd6 Bxb2 17. Ra2 Bf6 18. Bxf8 Kxf8 19. Nxf6 Qxf6 20. Qd6+ Qe7 21. Rd1 Qxd6 22. Rxd6 Ke7 23. Rb2 e5 24. h3 f6 25. Kf1 Na5 26. Rb4 Bd7 27. Nh4 Rc8 28. Ng6+ Ke8 29. Rd5 Be6 30. Rd6 Bc4+ 31. Kg1 Kf7 32. Nh4 Rxc5 33. Nf5 Be6 34. Ne3 b6 35. Rb1 Nc6 36. Kh2 Nd4 37. Rd8 Rc3 38. a4 Ra3 39. Rb4 Ra2 40. Kg1 Ra1+ 41. Kh2 Ra2 42. Kg1 Ra1+ 43. Kh2 Ra2 1/2-1/2


[Site "https://www.chess.com"]

[Event "Titled Tuesday Blitz March 28 Late 2023"]
[White "koteRV1610"]
[Black "Grigoriants, Sergey"]
[BlackFideId "4130804"]
[WhiteElo "2531"]
[BlackElo "2502"]
[Result "0-1"]
[Round "06"]
[TimeControl "180+2"]
[Date "2023.03.28"]
[WhiteClock "0:00:02"]
[BlackClock "0:00:14"]

1. Nf3 d5 2. g3 c6 3. Bg2 Bg4 4. O-O e6 5. d3 Bd6 6. Nbd2 Ne7 7. e4 Nd7 8. Re1 O-O 9. h3 Bh5 10. g4 Bg6 11. Nf1 Qc7 12. Qe2 Bf4 13. Bxf4 Qxf4 14. Qe3 Qxe3 15. Rxe3 a5 16. Nh4 d4 17. Re2 e5 18. Ng3 Nc5 19. a3 Ne6 20. Rd2 Rfd8 21. a4 f6 22. Bf1 Bf7 23. Nhf5 Ng6 24. c3 Ngf4 25. c4 Nc5 26. Ra3 Ra6 27. h4 Rb6 28. g5 g6 29. Nh6+ Kg7 30. Nxf7 Kxf7 31. gxf6 Kxf6 32. Ne2 Nxe2+ 33. Bxe2 Rb4 34. Bd1 Rf8 35. f3 Kg7 36. Kg2 Rf4 37. Kg3 Kh6 38. Rh2 Kh5 39. Rd2 Kh6 40. Rh2 Rf8 41. Rd2 Ne6 42. Rb3 Rxb3 43. Bxb3 Kg7 44. Bd1 Kf6 45. Rh2 h6 46. Rc2 b6 47. Rh2 Ke7 48. h5 g5 49. Rc2 Kd6 50. Rh2 Kc5 51. Be2 Kb4 52. Bf1 Nc5 53. Rd2 Rf4 54. Bh3 Rh4 55. Bg4 Rh1 56. Kg2 Re1 57. Kf2 Re3 58. Kg3 Nxd3 59. Bd7 Ne1 60. Kg4 d3 61. Kf5 Nxf3 62. Rd1 d2 63. Bxc6 Re1 64. Rxd2 Nxd2 65. Kxe5 Nxc4+ 66. Kf6 Kc5 67. Ba8 Kd4 68. Kg6 g4 69. Kxh6 Ne5 0-1


[Site "https://www.chess.com"]

[Event "Titled Tuesday Blitz March 28 Late 2023"]
[White "Silva, Pedro Gil Ferreira Da"]
[Black "Drygalov, Sergey"]
[WhiteFideId "1946102"]
[BlackFideId "24171743"]
[WhiteElo "2255"]
[BlackElo "2533"]
[Result "0-1"]
[Round "06"]
[TimeControl "180+2"]
[Date "2023.03.28"]
[WhiteClock "0:01:46"]
[BlackClock "0:01:46"]

1. c4 e5 2. Nc3 Nf6 3. Nf3 Nc6 4. e4 Bb4 5. d3 d6 6. g3 Bc5 7. Bg2 a6 8. O-O O-O 9. h3 Rb8 10. Kh2 b5 11. Be3 bxc4 12. dxc4 Bxe3 13. fxe3 Rxb2 14. Nh4 Be6 15. Nf5 Bxc4 16. Rf3 Ne7 17. Qc1 Rb8 18. Nh4 Ng6 19. Nf5 Be6 20. g4 d5 21. exd5 Nxd5 22. Ne4 Nh4 23. Rg3 Bxf5 24. gxf5 Nxf5 25. Rg5 Ndxe3 26. Qc6 Rb2 27. Rg1 h6 0-1


[Site "https://www.chess.com"]

[Event "Titled Tuesday Blitz March 28 Late 2023"]
[White "Mekhane, Adam"]
[Black "Andreikin, Dmitry"]
[WhiteFideId "36050601"]
[BlackFideId "4158814"]
[WhiteElo "2177"]
[BlackElo "2736"]
[Result "0-1"]
[Round "06"]
[TimeControl "180+2"]
[Date "2023.03.28"]
[WhiteClock "0:00:02"]
[BlackClock "0:01:37"]

1. e4 c5 2. Nf3 g6 3. d4 cxd4 4. Nxd4 Nf6 5. Nc3 d6 6. Be3 Nc6 7. f3 h5 8. Qd2 Nxd4 9. Bxd4 Bh6 10. Be3 Bxe3 11. Qxe3 Be6 12. O-O-O Qa5 13. Kb1 Rc8 14. a3 O-O 15. h4 Rc6 16. Qg5 Rc5 17. Qd2 Rfc8 18. b4 Qxa3 19. bxc5 Rxc5 20. Nd5 Nxd5 21. exd5 Bf5 22. Bd3 Ra5 23. Qxa5 Qxa5 24. Bxf5 gxf5 25. Rd3 Qb5+ 26. Kc1 a5 27. Re1 Kf8 28. Ree3 a4 29. Ra3 Qb4 30. Rac3 Qxh4 31. Rc8+ Kg7 32. Rc7 Qf4 33. Rxe7 b5 34. Kd2 a3 35. Ra7 Qd4+ 36. Rd3 Qxa7 0-1


[Site "https://www.chess.com"]

[Event "Titled Tuesday Blitz March 28 Late 2023"]
[White "Sarana, Alexey"]
[Black "Lamard, Guillaume"]
[WhiteFideId "24133795"]
[BlackFideId "600261"]
[WhiteElo "2714"]
[BlackElo "2413"]
[Result "1-0"]
[Round "06"]
[TimeControl "180+2"]
[Date "2023.03.28"]
[WhiteClock "0:00:55"]
[BlackClock "0:00:01"]

1. d4 Nf6 2. c4 e6 3. Nf3 d5 4. g3 Bb4+ 5. Bd2 Be7 6. Bg2 O-O 7. Qc2 c6 8. O-O Nbd7 9. b3 a5 10. Nc3 b6 11. e4 Ba6 12. Ne5 Rc8 13. Rfd1 Nxe5 14. dxe5 Nd7 15. exd5 cxd5 16. cxd5 exd5 17. Qf5 d4 18. Nd5 Nc5 19. Bf4 Ne6 20. Qe4 Rc5 21. Rd2 Kh8 22. Nxe7 Qxe7 23. h4 Rc7 24. Bg5 Qb4 25. Qg4 Bb7 26. Bf1 Qc5 27. Re1 Qd5 28. Qh3 h6 29. Bf4 Nxf4 30. gxf4 Rc3 31. Qh2 Rfc8 32. Bg2 Qxg2+ 33. Qxg2 Bxg2 34. Kxg2 Rc2 35. Red1 Kh7 36. Kf3 Kg6 37. Ke4 Kh5 38. a4 Kxh4 39. Rh1+ Kg4 40. Rg1+ Kh5 41. Rxc2 Rxc2 42. Rxg7 Rc7 43. Kxd4 Kh4 44. f5 Rd7+ 45. Ke3 Rc7 46. e6 Rc3+ 47. Kd4 Rg3 48. fxg3+ 1-0


[Site "https://www.chess.com"]

[Event "Titled Tuesday Blitz March 28 Late 2023"]
[White "Kramnik, Vladimir"]
[Black "Papasimakopoulos, Alexandros"]
[WhiteFideId "4101588"]
[BlackFideId "4244125"]
[WhiteElo "2712"]
[BlackElo "2359"]
[Result "1-0"]
[Round "06"]
[TimeControl "180+2"]
[Date "2023.03.28"]
[WhiteClock "0:00:19"]
[BlackClock "0:00:07"]

1. Nf3 d5 2. g3 Nf6 3. Bg2 c6 4. O-O Bg4 5. d3 e6 6. h3 Bh5 7. Qe1 Be7 8. e4 dxe4 9. dxe4 Bg6 10. Ne5 Nbd7 11. Nxg6 hxg6 12. Nd2 e5 13. a4 a5 14. Nc4 O-O 15. Bd2 b6 16. Rd1 Qc7 17. b3 Rfe8 18. Kh1 Nh5 19. Bc3 Bc5 20. Bf3 Re7 21. Kg2 Rae8 22. Qe2 Nhf6 23. h4 Bd4 24. Bd2 Ra8 25. Bg5 b5 26. axb5 cxb5 27. Na3 b4 28. Nb5 Qc5 29. Qd3 Rc8 30. Nxd4 exd4 31. Qxd4 Qxd4 32. Rxd4 Rxc2 33. Ra1 Rc5 34. Be3 Rb5 35. Be2 Rb8 36. Rxa5 Rxe4 37. Rxe4 Nxe4 38. Ra7 Nef6 39. Bf4 Rb6 40. Bc4 Kf8 41. g4 Ke8 42. Be3 Rd6 43. f3 Nd5 44. Bg5 f6 45. Bc1 N5b6 46. Bb5 Kd8 47. Bf4 Rd4 48. Bc7+ Kc8 49. Ba6# 1-0


[Site "https://www.chess.com"]

[Event "Titled Tuesday Blitz March 28 Late 2023"]
[White "Ibarra Jerez, Jose Carlos"]
[Black "Tilicheev, Viacheslav"]
[WhiteFideId "2226332"]
[BlackFideId "24114928"]
[WhiteElo "2638"]
[BlackElo "2415"]
[Result "0-1"]
[Round "06"]
[TimeControl "180+2"]
[Date "2023.03.28"]
[WhiteClock "0:00:02"]
[BlackClock "0:00:35"]

1. e4 c5 2. Nf3 Nc6 3. d4 cxd4 4. Nxd4 Nf6 5. Nc3 h5 6. Bg5 Qa5 7. Bxf6 gxf6 8. Nb3 Qe5 9. g3 e6 10. f4 Qd6 11. Qf3 a6 12. Rd1 Qc7 13. Bg2 h4 14. O-O hxg3 15. hxg3 Na5 16. Nd4 Bc5 17. e5 Qb6 18. Qf2 Nc6 19. Bxc6 Bxd4 20. Qxd4 Qxc6 21. Ne4 f5 22. Nf2 b5 23. Qd6 Bb7 24. Qxc6 Bxc6 25. Rd6 Ke7 26. Rfd1 Rag8 27. R1d3 b4 28. c3 bxc3 29. Rxc3 f6 30. Rd4 fxe5 31. fxe5 Rb8 32. b3 Rb5 33. Re3 Rc5 34. Nd3 Rh1+ 35. Kf2 Rc2+ 36. Re2 Rh2+ 37. Ke3 Rcxe2+ 0-1


[Site "https://www.chess.com"]

[Event "Titled Tuesday Blitz March 28 Late 2023"]
[White "Lewtak, Damian"]
[Black "Fressinet, Laurent"]
[WhiteFideId "1141724"]
[BlackFideId "608742"]
[WhiteElo "2302"]
[BlackElo "2633"]
[Result "0-1"]
[Round "06"]
[TimeControl "180+2"]
[Date "2023.03.28"]
[WhiteClock "0:00:02"]
[BlackClock "0:00:41"]

1. e4 c5 2. Nf3 Nc6 3. Bb5 g6 4. O-O Bg7 5. Re1 e5 6. c3 Nge7 7. d3 O-O 8. a3 d6 9. b4 Be6 10. Be3 b6 11. Nbd2 a6 12. Bc4 Qd7 13. Bxe6 Qxe6 14. Nc4 Rab8 15. Qd2 f5 16. exf5 Nxf5 17. bxc5 bxc5 18. Rab1 Rxb1 19. Rxb1 d5 20. Bxc5 dxc4 21. Bxf8 Bxf8 22. Ng5 Qd5 23. Rd1 cxd3 24. Qxd3 Qxd3 25. Rxd3 Bxa3 26. Rd7 Nfe7 27. Ne4 a5 28. Kf1 a4 29. Rd2 Na5 30. Ra2 Nc4 31. Ke2 Nd5 32. Kd3 Ndb6 33. Nf6+ Kf7 34. Nd5 Bc5 35. Nxb6 Nxb6 36. Rb2 Ke6 37. c4 a3 38. Rb5 Kd6 39. Ra5 Kc6 40. g3 Bb4 41. Ra7 Nd7 42. f4 exf4 43. gxf4 Kb6 44. Ra8 Kb7 0-1


[Site "https://www.chess.com"]

[Event "Titled Tuesday Blitz March 28 Late 2023"]
[White "Babazada, Khazar"]
[Black "Skvortsov, Andrei"]
[WhiteFideId "13413554"]
[BlackFideId "24108600"]
[WhiteElo "2364"]
[BlackElo "2259"]
[Result "1-0"]
[Round "06"]
[TimeControl "180+2"]
[Date "2023.03.28"]
[WhiteClock "0:00:10"]
[BlackClock "0:00:29"]

1. e4 d5 2. exd5 Qxd5 3. Nc3 Qe5+ 4. Be2 Bg4 5. d4 Bxe2 6. Ngxe2 Qa5 7. O-O Nf6 8. d5 c6 9. b4 Qd8 10. Nf4 cxd5 11. Nfxd5 Nxd5 12. Qxd5 Qxd5 13. Nxd5 Na6 14. b5 O-O-O 15. bxa6 Rxd5 16. axb7+ Kxb7 17. Be3 e6 18. c4 Rd7 19. Rab1+ Kc6 20. Rb8 g6 21. Rb5 Be7 22. Ra5 Ra8 23. Rb1 Rc7 24. Bf4 Rcc8 25. Ra6+ Kd7 26. Rb7+ Ke8 27. Ra4 Bc5 28. h4 h5 29. Ra6 Bb6 30. Bd6 Bd8 31. c5 Bxh4 32. Raxa7 Rxa7 33. Rxa7 Bf6 34. a4 Bd4 35. Re7+ Kd8 36. Rxf7 Rc6 37. a5 Ra6 38. g3 Rxa5 39. c6 Ra1+ 40. Kg2 1-0


[Site "https://www.chess.com"]

[Event "Titled Tuesday Blitz March 28 Late 2023"]
[White "Pakleza, Zbigniew"]
[Black "Koksal, Ege"]
[WhiteFideId "1119290"]
[BlackFideId "6317626"]
[WhiteElo "2410"]
[BlackElo "2226"]
[Result "1-0"]
[Round "06"]
[TimeControl "180+2"]
[Date "2023.03.28"]
[WhiteClock "0:00:08"]
[BlackClock "0:00:06"]

1. d4 d5 2. Bf4 c6 3. e3 Bf5 4. c4 e6 5. Nc3 Nd7 6. Qb3 Qb6 7. c5 Qxb3 8. axb3 a6 9. b4 Rc8 10. Nf3 Ngf6 11. h3 Ne4 12. Nxe4 Bxe4 13. Nd2 Be7 14. Nb3 f6 15. Na5 e5 16. Bh2 Rb8 17. Kd2 Bd8 18. f3 Bg6 19. Kc3 Bc7 20. Bxa6 Bxa5 21. Rxa5 bxa6 22. Rxa6 Rc8 23. Rha1 Ke7 24. Ra7 Ke6 25. b5 Rhd8 26. R1a6 Nb8 27. Rb6 Be8 28. bxc6 Rxc6 29. Rbb7 Rd7 30. Rxb8 Rxa7 31. Rxe8+ Kf7 32. Rd8 exd4+ 33. exd4 Re7 34. Rxd5 Re2 35. Rd7+ Kg6 36. Bd6 Rxg2 37. d5 Rc8 38. b4 Rf2 39. b5 Rxf3+ 40. Kc4 Kf5 41. Rxg7 Re8 42. Re7 Ra8 43. b6 Rfa3 44. Kb5 R8a5+ 45. Kc6 Rc3 46. b7 Rb3 47. b8=Q Rxb8 48. Bxb8 Ra4 49. Rxh7 Rb4 50. Bc7 Ke4 51. d6 Rc4 52. d7 1-0


[Site "https://www.chess.com"]

[Event "Titled Tuesday Blitz March 28 Late 2023"]
[White "Timmermans, Mark"]
[Black "Piesik, Piotr"]
[WhiteFideId "1026399"]
[BlackFideId "1136194"]
[WhiteElo "2460"]
[BlackElo "2311"]
[Result "1-0"]
[Round "06"]
[TimeControl "180+2"]
[Date "2023.03.28"]
[WhiteClock "0:00:24"]
[BlackClock "0:00:07"]

1. e4 e6 2. d4 d5 3. Nc3 Bb4 4. Ne2 dxe4 5. a3 Be7 6. Nxe4 Nf6 7. N2g3 Nbd7 8. Bd3 b6 9. Qf3 Rb8 10. Bf4 O-O 11. O-O-O Nd5 12. h4 Nxf4 13. Qxf4 Bb7 14. h5 h6 15. Kb1 Qc8 16. Nf1 c5 17. dxc5 Nxc5 18. Nxc5 Qxc5 19. Ne3 Rbd8 20. Be4 Bxe4 21. Qxe4 b5 22. g4 Bf6 23. f4 Rd4 24. Rxd4 Qxd4 25. Qxd4 Bxd4 26. Ng2 Rc8 27. Rd1 Bb6 28. c3 Rc4 29. Kc2 Kf8 30. Rd7 Ke8 31. Rb7 e5 32. b3 exf4 33. bxc4 f3 34. Ne3 Bxe3 35. Kd3 f2 36. Ke2 bxc4 37. a4 g6 38. Rc7 gxh5 39. gxh5 f5 40. Rxc4 f4 41. Rc6 Kf7 42. c4 f3+ 43. Kf1 1-0


[Site "https://www.chess.com"]

[Event "Titled Tuesday Blitz March 28 Late 2023"]
[White "Urazayev, Arystanbek"]
[Black "Ozer, Omer Faruk"]
[WhiteFideId "13709810"]
[BlackFideId "6354564"]
[WhiteElo "2479"]
[BlackElo "2260"]
[Result "0-1"]
[Round "06"]
[TimeControl "180+2"]
[Date "2023.03.28"]
[WhiteClock "0:00:18"]
[BlackClock "0:00:53"]

1. e4 c5 2. Nf3 Nc6 3. Bb5 e6 4. O-O Nge7 5. Re1 a6 6. Bf1 Ng6 7. d3 Be7 8. g3 d5 9. Bg2 dxe4 10. dxe4 Qxd1 11. Rxd1 O-O 12. c3 b5 13. Be3 Bb7 14. Nbd2 Rfd8 15. Nb3 c4 16. Nc5 Bxc5 17. Bxc5 Nge5 18. Nxe5 Nxe5 19. Bb6 Rd3 20. Bd4 Nf3+ 21. Bxf3 Rxf3 22. Re1 Rd8 23. e5 Rd3 24. Be3 R8d5 25. f4 a5 26. a3 h5 27. Kf2 Kh7 28. Bd4 Kg6 29. Rad1 Rxd1 30. Rxd1 Kf5 31. h3 f6 32. Ke3 Rd7 33. Rg1 fxe5 34. fxe5 Kg6 35. g4 h4 36. g5 Rf7 37. Rg4 Rf3+ 38. Kd2 Rxh3 39. Bf2 Rd3+ 40. Kc2 h3 41. Rh4 Kxg5 42. Rh8 Be4 43. Kc1 Rf3 44. Bb6 Bg6 45. Bd8+ Kg4 46. Kd2 Bh5 47. Rg8 h2 48. Rxg7+ Kh3 49. Rh7 Rf5 0-1


[Site "https://www.chess.com"]

[Event "Titled Tuesday Blitz March 28 Late 2023"]
[White "Freitag, Manfred"]
[Black "Ashraf, Artin"]
[WhiteFideId "1602004"]
[BlackFideId "22514805"]
[WhiteElo "2275"]
[BlackElo "2188"]
[Result "0-1"]
[Round "06"]
[TimeControl "180+2"]
[Date "2023.03.28"]
[WhiteClock "0:01:31"]
[BlackClock "0:00:42"]

1. e4 c5 2. Nf3 d6 3. d4 cxd4 4. Nxd4 Nf6 5. Nc3 a6 6. Bg5 e6 7. f4 h6 8. Bh4 Qb6 9. a3 Nc6 10. Bf2 Qc7 11. Qf3 Be7 12. h3 Bd7 13. O-O-O b5 14. Nxc6 Bxc6 15. Bd3 Rc8 16. Kb1 O-O 17. g4 a5 18. g5 hxg5 19. fxg5 Nd7 20. h4 b4 21. axb4 axb4 22. Ne2 Ne5 23. Qg3 b3 24. Nc3 bxc2+ 25. Bxc2 Qb7 26. Rd4 Ra8 27. h5 Rfb8 28. Nd1 Qa6 29. Kc1 Nc4 30. Bb3 Rxb3 31. Qxb3 Qa1+ 32. Kc2 Ba4 33. Rxc4 Bxb3+ 34. Kxb3 Bxg5 35. Re1 Qa2+ 36. Kc3 Bd2+ 37. Kxd2 Qxc4 38. Nc3 Qb4 39. Rb1 d5 40. exd5 exd5 41. Kc2 d4 42. Ne4 d3+ 43. Kxd3 Rd8+ 44. Ke3 Re8 0-1


[Site "https://www.chess.com"]

[Event "Titled Tuesday Blitz March 28 Late 2023"]
[White "Raja Rithvik R"]
[Black "Fiorito, Francisco"]
[WhiteFideId "35007394"]
[BlackFideId "180165"]
[WhiteElo "2402"]
[BlackElo "2341"]
[Result "1-0"]
[Round "06"]
[TimeControl "180+2"]
[Date "2023.03.28"]
[WhiteClock "0:00:21"]
[BlackClock "0:00:03"]

1. b3 Nf6 2. Bb2 d5 3. e3 Bf5 4. Nf3 e6 5. Be2 h6 6. O-O Be7 7. c4 O-O 8. Nc3 c6 9. d3 Nbd7 10. Qc2 Re8 11. Rad1 a5 12. Rfe1 Qc7 13. Bf1 Bh7 14. a3 Bd6 15. g3 e5 16. cxd5 cxd5 17. Rc1 Rac8 18. Qb1 Qb6 19. Nd2 Nc5 20. Ba1 Bf8 21. e4 dxe4 22. dxe4 Ne6 23. Nc4 Qa7 24. Nb5 Qa6 25. Nxe5 Rxc1 26. Qxc1 Qb6 27. Qc4 Bc5 28. Re2 Ng5 29. Bg2 h5 30. b4 axb4 31. axb4 Bf8 32. Bd4 Qa6 33. f3 Ne6 34. Ra2 Qxa2 35. Qxa2 Nxd4 36. Qxf7+ Kh8 37. Nxd4 Rxe5 38. Qxf8+ Bg8 39. f4 Re8 40. Qc5 Nxe4 41. Qxh5+ 1-0


[Site "https://www.chess.com"]

[Event "Titled Tuesday Blitz March 28 Late 2023"]
[White "Horvath, Dominik"]
[Black "Makarian, Rudik"]
[WhiteFideId "1642561"]
[BlackFideId "44105681"]
[WhiteElo "2407"]
[BlackElo "2436"]
[Result "1/2-1/2"]
[Round "06"]
[TimeControl "180+2"]
[Date "2023.03.28"]
[WhiteClock "0:00:07"]
[BlackClock "0:00:06"]

1. e4 c5 2. c3 d5 3. exd5 Nf6 4. Bb5+ Nbd7 5. d4 a6 6. Bxd7+ Qxd7 7. dxc5 Qxd5 8. Qxd5 Nxd5 9. Nf3 e6 10. b4 a5 11. Bd2 Be7 12. a4 b6 13. cxb6 Nxb6 14. b5 Bb7 15. O-O Nc4 16. Bf4 Bxf3 17. gxf3 O-O-O 18. Ra2 Rd3 19. Nd2 Rxc3 20. Nxc4 Rxc4 21. Bd2 Kb7 22. Kg2 Bb4 23. Be3 Rd8 24. Rb1 Rd5 25. f4 Bd6 26. Bd2 Kb6 27. Be3+ Bc5 28. Rb3 h5 29. h4 g6 30. Kf3 Rd1 31. Ke2 Rd5 32. Kf3 e5 33. fxe5 Rxe5 34. Rd2 Bxe3 35. fxe3 Rf5+ 36. Ke2 Rxa4 37. Rd6+ Kb7 38. Rd7+ Kc8 39. Ra7 Rb4 40. Rc3+ Kb8 41. Rxa5 Rbxb5 42. Rxb5+ Rxb5 43. Kf3 Kb7 44. e4 Rb6 45. Kf4 Rc6 46. Rxc6 Kxc6 47. Ke5 Kd7 48. Kf6 Ke8 49. e5 Kf8 50. e6 fxe6 51. Kxg6 Ke7 52. Kxh5 Kf6 53. Kg4 Kg6 54. Kf4 Kh5 55. Ke5 Kxh4 56. Kxe6 1/2-1/2


[Site "https://www.chess.com"]

[Event "Titled Tuesday Blitz March 28 Late 2023"]
[White "Vaglio Munoz, Jaime"]
[Black "Demchenko, Anton"]
[WhiteFideId "6500145"]
[BlackFideId "4160258"]
[WhiteElo "2199"]
[BlackElo "2545"]
[Result "1-0"]
[Round "06"]
[TimeControl "180+2"]
[Date "2023.03.28"]
[WhiteClock "0:00:15"]
[BlackClock "0:00:04"]

1. Nf3 d5 2. g3 c6 3. Bg2 Bg4 4. h3 Bxf3 5. Bxf3 Nf6 6. d3 e6 7. Nd2 Nbd7 8. e4 Bd6 9. O-O h5 10. d4 dxe4 11. Nxe4 Nxe4 12. Bxe4 h4 13. g4 Qc7 14. Qf3 Nf6 15. Bd3 O-O-O 16. Bg5 Kb8 17. Rfe1 Bh2+ 18. Kg2 Rxd4 19. Bxf6 gxf6 20. Qxf6 Rdd8 21. Re4 Bd6 22. a4 a5 23. Rae1 Rhg8 24. Qxh4 f5 25. Rxe6 fxg4 26. hxg4 Rdf8 27. R1e4 Ka7 28. f3 Qf7 29. Qf2+ Ka8 30. Rxd6 Rh8 31. Re5 Qc7 32. Qc5 Kb8 33. Rde6 Qf7 34. Qd6+ Kc8 35. Rf5 Qg7 36. Re7 1-0


[Site "https://www.chess.com"]

[Event "Titled Tuesday Blitz March 28 Late 2023"]
[White "Sokac, Marko"]
[Black "Tari, Aryan"]
[WhiteFideId "14531356"]
[BlackFideId "1510045"]
[WhiteElo "2355"]
[BlackElo "2583"]
[Result "0-1"]
[Round "06"]
[TimeControl "180+2"]
[Date "2023.03.28"]
[WhiteClock "0:00:05"]
[BlackClock "0:00:15"]

1. e4 c6 2. Nc3 d5 3. d3 g6 4. Bd2 Bg7 5. h4 h6 6. h5 g5 7. Qe2 e5 8. g3 Ne7 9. f4 gxf4 10. gxf4 exf4 11. Bxf4 Qa5 12. Bd2 Qb6 13. exd5 Qxb2 14. Rb1 Qa3 15. Rb3 Qd6 16. Bg2 O-O 17. Ne4 Qd8 18. d6 Nf5 19. Qf2 Nxd6 20. Ne2 Be6 21. Rb1 Bxa2 22. Rd1 Bd5 23. Rg1 Kh8 24. Nf4 Nxe4 25. dxe4 Bc4 26. Bh3 Qd4 27. Bf5 Qxf2+ 28. Kxf2 Na6 29. Rxg7 Kxg7 30. Bc3+ f6 31. Rg1+ Kf7 32. Rg6 Ke7 33. Rxh6 Rf7 34. Ng6+ Kd6 35. Nh8 Rff8 36. Bxf6 Kc7 37. Be5+ Kb6 38. Ng6 Rfe8 39. Bd4+ Nc5 40. Nf4 Kb5 41. Rh7 b6 42. h6 Nxe4+ 43. Bxe4 Rxe4 44. Be3 Rae8 45. Ng2 Rf8+ 46. Kg3 Bd5 47. Rg7 Rxe3+ 48. Nxe3 Rf3+ 49. Kg4 Rxe3 50. h7 Be6+ 51. Kf4 Rh3 52. Ke5 Bd5 53. Rxa7 Kc5 54. Kf6 Be4 0-1


[Site "https://www.chess.com"]

[Event "Titled Tuesday Blitz March 28 Late 2023"]
[White "Baskakov, Egor"]
[Black "Koellner, Ruben Gideon"]
[WhiteFideId "24197866"]
[BlackFideId "12993093"]
[WhiteElo "2212"]
[BlackElo "2303"]
[Result "1/2-1/2"]
[Round "06"]
[TimeControl "180+2"]
[Date "2023.03.28"]
[WhiteClock "0:00:05"]
[BlackClock "0:00:05"]

1. e4 d6 2. g3 Nf6 3. Bg2 e5 4. Ne2 Be7 5. h3 O-O 6. O-O c6 7. d4 Nbd7 8. c4 a6 9. Nbc3 b5 10. b3 Bb7 11. Be3 b4 12. Nb1 exd4 13. Qxd4 c5 14. Qd3 Re8 15. Nd2 Bf8 16. Rad1 Qc7 17. Nf4 a5 18. Rfe1 a4 19. Nd5 Bxd5 20. exd5 axb3 21. axb3 Ra2 22. Bf4 Rxe1+ 23. Rxe1 Qa7 24. Ne4 Ra1 25. Rxa1 Qxa1+ 26. Kh2 Nxe4 27. Qxe4 Nf6 28. Qf5 Qa6 29. Bg5 Be7 30. Be4 h6 31. Be3 g6 32. Qf3 Kg7 33. Bc2 Qa2 34. Qd1 Nd7 35. h4 h5 36. Kg2 Bf6 37. Bd3 Ne5 38. Be2 Nd7 39. g4 hxg4 40. Bxg4 Ne5 41. h5 Nxg4 42. Qxg4 Qxb3 43. h6+ Kh7 44. Qd7 Qc3 45. Qxf7+ Kh8 46. Qe8+ Kh7 47. Qf7+ Bg7 48. hxg7 Qxg7 49. Qe6 Qf8 50. Qd7+ Kg8 51. Qe6+ Kh7 52. Qd7+ Kg8 53. Qc7 Qf5 54. Qxd6 Qg4+ 55. Qg3 Qe4+ 56. Qf3 Qxc4 57. d6 Qe6 58. Qa8+ Kf7 59. Qb7+ Kf6 60. d7 Qg4+ 61. Kh2 Qh4+ 62. Kg1 Qg4+ 63. Kf1 Qd1+ 64. Kg2 Qg4+ 65. Kh1 Qh4+ 66. Kg1 Qg4+ 67. Qg2 Qxd7 68. Bxc5 Qd1+ 69. Qf1 Qg4+ 70. Qg2 Qd1+ 71. Qf1 Qg4+ 72. Qg2 Qd1+ 1/2-1/2


[Site "https://www.chess.com"]

[Event "Titled Tuesday Blitz March 28 Late 2023"]
[White "Rastbod, Ali"]
[Black "Zierk, Steven"]
[WhiteFideId "12567477"]
[BlackFideId "2034255"]
[WhiteElo "2211"]
[BlackElo "2494"]
[Result "0-1"]
[Round "06"]
[TimeControl "180+2"]
[Date "2023.03.28"]
[WhiteClock "0:00:06"]
[BlackClock "0:00:44"]

1. d4 e6 2. e4 d5 3. Bd3 dxe4 4. Bxe4 Nf6 5. Bf3 c5 6. Ne2 Nc6 7. Be3 cxd4 8. Nxd4 Ne5 9. Nc3 Bb4 10. Nb5 Bd7 11. Qd4 Nxf3+ 12. gxf3 Bxc3+ 13. Nxc3 Bc6 14. Qe5 Qe7 15. O-O-O Bxf3 16. Bc5 Nd7 17. Qxg7 Qf6 18. Qxf6 Nxf6 19. Nb5 Nd5 20. c4 Bxh1 21. Rxh1 O-O-O 22. Nd6+ Rxd6 23. Bxd6 Rd8 24. cxd5 Rxd6 25. dxe6 Rxe6 26. Kd2 Rb6 27. b3 Ra6 28. a4 Rb6 29. Kc3 Rf6 30. h4 Rxf2 31. Rg1 Rf3+ 32. Kc2 Kd7 33. Rg7 h6 34. Rh7 Rf6 35. Kc3 a5 36. Kc4 Kc6 37. Kc3 Kc5 38. Rh8 b6 39. Rc8+ Kd5 40. Rh8 Ke4 41. Kc4 Kf3 42. Kb5 Kg4 43. Rb8 Kxh4 44. Rxb6 Rxb6+ 45. Kxb6 f5 46. Kc5 f4 47. Kd4 f3 48. Ke3 Kg3 0-1


[Site "https://www.chess.com"]

[Event "Titled Tuesday Blitz March 28 Late 2023"]
[White "Romanchuk, Viktor"]
[Black "Ozen, Bahadir"]
[WhiteFideId "14109271"]
[BlackFideId "6337058"]
[WhiteElo "2242"]
[BlackElo "2503"]
[Result "1/2-1/2"]
[Round "06"]
[TimeControl "180+2"]
[Date "2023.03.28"]
[WhiteClock "0:00:03"]
[BlackClock "0:00:18"]

1. d4 h6 2. c4 e6 3. Nc3 Bb4 4. e3 Nf6 5. Ne2 d5 6. a3 Be7 7. cxd5 exd5 8. Nf4 O-O 9. Bd3 c6 10. O-O a5 11. f3 Na6 12. Bc2 Re8 13. e4 dxe4 14. fxe4 c5 15. e5 Ng4 16. e6 Qxd4+ 17. Qxd4 cxd4 18. exf7+ Kxf7 19. Bg6+ Kg8 20. Ncd5 d3 21. Bxe8 Bc5+ 22. Kh1 Bf5 23. Bh5 Nf2+ 24. Rxf2 Bxf2 25. Bd2 Kh8 26. Ne3 Bh7 27. Ng6+ Bxg6 28. Bxg6 Re8 29. Ng4 Re2 30. Bxa5 d2 31. Bxd2 Rxd2 32. Nxf2 Rxf2 33. Rc1 Rf8 34. h3 b6 35. Rc6 Nc5 36. Rxb6 Nd7 37. Rb7 Ne5 38. Be4 Kg8 39. Ra7 Rf1+ 40. Kh2 Rf4 41. Bd5+ Kf8 42. Rb7 Rd4 43. Bb3 Rd2 44. a4 Rxb2 45. a5 Nf3+ 46. Kg3 Nd4 47. a6 Nxb3 48. a7 Ra2 49. Rb8+ Kf7 50. a8=Q Rxa8 51. Rxa8 Nd4 52. Ra4 Nf5+ 53. Kf4 Nd6 54. Ra6 Nc4 55. Kf5 Ne3+ 56. Kf4 Nxg2+ 57. Kg3 Ne3 58. Ra5 Kf6 59. Kf4 Nc4 60. Ra6+ Kf7 61. Rc6 Nd2 62. Rc2 Nb3 63. Rc4 Nd2 64. Rd4 Nb3 65. Rd5 Ke6 66. Rb5 Nd4 67. Rb6+ Kf7 68. Rd6 Ne6+ 69. Ke5 Nf8 70. Ra6 Ng6+ 71. Kf5 Ne7+ 72. Kf4 Nd5+ 73. Ke5 Nf6 74. Ra7+ Kg6 75. Ra6 Kg5 76. Ra1 Kh4 77. Rg1 Nh5 78. Kf5 g5 79. Kg6 Nf4+ 80. Kxh6 Nxh3 81. Rxg5 Nxg5 1/2-1/2


[Site "https://www.chess.com"]

[Event "Titled Tuesday Blitz March 28 Late 2023"]
[White "Boyer, Mahel"]
[Black "Lenaerts, Lennert"]
[WhiteFideId "45102422"]
[BlackFideId "211435"]
[WhiteElo "2439"]
[BlackElo "2334"]
[Result "1/2-1/2"]
[Round "06"]
[TimeControl "180+2"]
[Date "2023.03.28"]
[WhiteClock "0:01:19"]
[BlackClock "0:01:39"]

1. e4 e5 2. Nf3 Nc6 3. Bc4 Bc5 4. c3 Nf6 5. Qe2 O-O 6. g4 Nxg4 7. d4 exd4 8. cxd4 Bb4+ 9. Nc3 d5 10. Bxd5 Nf6 11. Bg5 h6 12. Bh4 Bg4 13. O-O-O g5 14. Rhg1 Bxc3 15. bxc3 Bxf3 16. Qxf3 Nxd5 17. exd5 Ne7 18. Qh5 Qd6 19. Bg3 Qa3+ 20. Kb1 Qxc3 21. Be5 Qb4+ 22. Ka1 Qc3+ 23. Kb1 Qb4+ 24. Kc2 Qc4+ 25. Kb1 Qb4+ 1/2-1/2


[Site "https://www.chess.com"]

[Event "Titled Tuesday Blitz March 28 Late 2023"]
[White "Fiorito, Joaquin"]
[Black "Smirnov, Pavel"]
[WhiteFideId "180173"]
[BlackFideId "4123425"]
[WhiteElo "2157"]
[BlackElo "2519"]
[Result "0-1"]
[Round "06"]
[TimeControl "180+2"]
[Date "2023.03.28"]
[WhiteClock "0:02:07"]
[BlackClock "0:02:52"]

1. d4 Nf6 2. c4 e6 3. Nc3 Bb4 4. f3 c5 5. d5 O-O 6. e4 b5 7. Nh3 bxc4 8. Bxc4 exd5 9. Bxd5 Nxd5 10. Qxd5 Ba6 11. Qc6 Nxc6 0-1


[Site "https://www.chess.com"]